 Dungeon Crawl Stone Soup version 0.28.0-49-g6dfe1f597d (webtiles) character file.

Game seed: 17880973962035262890

487 Zeld the Shield-Bearer (level 7, -1/53 (56) HPs)
             Began as a Formicid Fighter on May 18, 2022.
             Slain by a gnoll
             ... wielding a +0 flail
              (4 damage)
             ... on level 8 of the Dungeon.
             The game lasted 00:05:33 (4961 turns).

Zeld the Shield-Bearer (Formicid Fighter)           Turns: 4961, Time: 00:05:34

HP:   -1/53 (56)    AC: 12    Str: 23    XL:     7   Next: 36%
MP:   7/7           EV:  9    Int:  7    God:
Gold: 154           SH:  5    Dex: 10    Spells: 6/6 levels left

rFire   . . .      SeeInvis +   a - +0 war axe
rCold   . . .      Faith    .   c - +0 buckler
rNeg    . . .      Spirit   .   b - +0 scale mail
rPois   +          Reflect  .   (helmet unavailable)
rElec   .          Harm     .   (no cloak)
rCorr   .          Rampage  .   (no gloves)
Will    .....                   o - +0 pair of boots
Stlth   +.........              (no amulet)
HPRegen 0.17/turn               n - ring "Jutwurox" {rPois AC+4}
MPRegen 0.10/turn               (no ring)

@: drained
A: permanent stasis, dig shafts and tunnels, antennae 3, four strong arms
a: Dig, Shaft Self


You were on level 8 of the Dungeon.
You visited 1 branch of the dungeon, and saw 7 of its levels.

You collected 154 gold pieces.

Inventory:

Hand Weapons
 a - a +0 war axe (weapon)
Armour
 b - a +0 scale mail (worn)
 c - a +0 buckler (worn)
 o - a +0 pair of boots (worn)
Jewellery
 n - the ring "Jutwurox" (left hand) {rPois AC+4}
   (You found it on level 2 of the Dungeon)

   [ring of protection]

   AC:        It affects your AC (+4).
   rPois:     It protects you from poison.
 u - a ring of poison resistance
Wands
 s - a wand of polymorph (9)
Scrolls
 e - a scroll of vulnerability {unknown}
 f - a scroll of immolation {unknown}
 h - 2 scrolls of teleportation {unknown}
 i - a scroll of blinking {unknown}
 m - a scroll of noise {unknown}
 p - a scroll of torment {unknown}
 q - a scroll of fog {unknown}
 r - a scroll of summoning {unknown}
 t - a scroll of fear {unknown}
 v - a scroll of identify {unknown}
Potions
 d - a potion of might
 g - a potion of flight {unknown}
 j - a potion of haste {unknown}
 k - 3 potions of degeneration {unknown}
 l - a potion of brilliance {unknown}


   Skills:
 * Level 5.1 Fighting
 * Level 4.1 Axes
 + Level 4.2 Armour
 + Level 2.8 Stealth
 * Level 5.7 Shields


You had 6 spell levels left.
You didn't know any spells.
Your spell library was empty.

Dungeon Overview and Level Annotations

Branches:
Dungeon (9/15)
 Temple: D:4-7         Lair: D:8-11         Orc: D:9-12

Altars:
Nemelex Xobeh

Annotations:
D:7 Maggie


Innate Abilities, Weirdness & Mutations

You cannot be hasted, slowed, berserked, paralysed or teleported.
You can dig through walls and to a lower floor.
You have a pair of large antennae on your head. (SInv)
Your four strong arms can wield two-handed weapons with a shield.


Message History

Maggie casts a spell.
Maggie attempts to bespell you! You resist. A shaft appears beneath you!
You fall into a shaft and drop 2 floors!
The shaft crumbles and collapses.
Found a quarterstaff.
Found a stone staircase leading up and a stone staircase leading down.
Found 5 gold pieces.
There is a stone staircase leading up here.
You climb upwards.
The gnoll shouts! x2; You hear a shout!
Found a dagger and 17 stones.
Found an escape hatch in the floor.
Found a stone staircase leading up.
There is a stone staircase leading down here.
Found a stone staircase leading up.
The gnoll throws a throwing net.
The throwing net hits you.
You become entangled in the net!
There is a stone staircase leading up here.
You see here a throwing net.
You struggle against the net.
A gnoll comes into view. It is wielding a +0 whip.
You struggle against the net.
You struggle against the net.
The gnoll barely misses you.
You rip the net and break free!
The gnoll hits you with a +0 flail.
* * * LOW HITPOINT WARNING * * *
There is an escape hatch in the floor here.
Found a stone staircase leading down.
Found a lumpy golden potion.
You closely miss the gnoll. The gnoll closely misses you.
The gnoll hits you but does no damage.
A gnoll shaman comes into view. It is wielding a +0 whip.
The gnoll shaman shouts!
Found 11 gold pieces.
The gnoll shaman calls upon its god to speed up something.
A gnoll comes into view. It is wielding a +0 halberd.
The gnoll shouts!
The gnoll hits you with a +0 flail!
* * * LOW HITPOINT WARNING * * *
The gnoll hits you with a +0 flail.
You die...

.$..#......# ...!...
...........## .. .......
............####. ........
..................#.......
...<..(......##... .......
.............##.###......
........g.......>g...#
....g..g.g...##.g#..##
....#....@g>.##..#.## ###
##...)...##..#g#
#...<>......#g#
#######.#.....# #.#....##
#....### ######


You could see a gnoll shaman and 4 gnolls.

Vanquished Creatures
  An ogre (D:4)
  A centaur (D:2)
  A bullfrog (D:4)
  A bullfrog zombie (D:3)
  Robin (D:3)
  4 gnolls
  6 adders
  A worm (D:3)
  5 dart slugs
  An orc (D:3)
  11 bats
  5 endoplasms
  4 giant cockroaches
  18 goblins
  5 hobgoblins
  12 jackals
  6 quokkas
  7 ball pythons
  4 frilled lizards (D:2)
  8 kobolds
  4 rats
106 creatures vanquished.

Notes
Turn   | Place    | Note
-------+----------+-------------------------------------------
     0 | D:1      | Zeld the Formicid Fighter began the quest for the Orb.
     0 | D:1      | Reached XP level 1. HP: 18/18 MP: 1/1
    21 | D:1      | Reached XP level 2. HP: 8/24 MP: 2/2
   389 | D:1      | Reached XP level 3. HP: 29/29 MP: 3/3
   467 | D:1      | Found a faded altar of an unknown god.
   878 | D:2      | Reached skill level 1 in Stealth
   878 | D:2      | Reached XP level 4. HP: 23/37 MP: 4/4
  1313 | D:2      | Identified the ring "Jutwurox" {rPois AC+4}
  1869 | D:2      | Reached XP level 5. HP: 38/42 MP: 5/5
  1928 | D:3      | Noticed a centaur
  1969 | D:2      | You fall into a shaft and drop 2 floors!
  2810 | D:3      | Reached XP level 6. HP: 45/49 MP: 6/6
  2952 | D:3      | Noticed Robin
  2980 | D:3      | Killed Robin
  2981 | D:3      | Reached skill level 5 in Shields
  3985 | D:4      | Noticed an ogre
  4457 | D:4      | Reached XP level 7. HP: 42/55 MP: 7/7
  4727 | D:4      | Reached skill level 5 in Fighting
  4838 | D:4      | Found a sparkling altar of Nemelex Xobeh.
  4921 | D:4      | You fall into a shaft and drop 3 floors!
  4921 | D:7      | Noticed Maggie
  4924 | D:7      | You fall into a shaft and drop 2 floors!
  4924 | D:9      | Noticed a two-headed ogre
  4961 | D:8      | Slain by a gnoll

Illustrated notes

Levels and vault maps discovered:
D:1:      psy_arrival_dodecagon, layout_basic,
          hellmonk_ecumenical_altar_dog_temple, st_stairs_7, minmay_heptomino_o4
D:2:      layout_rooms, grunt_ministairs_6
D:3:      minmay_skewed_foursquare, layout_basic, uniq_robin
D:4:      layout_gridville, mainiacjoe_overflow_alcove_4
D:7:      layout_rooms, biasface_ghost_orc_armoury, minmay_quadrilaterals,
          uniq_maggie
D:8:      black_bear_nest_1, layout_rooms, nicolae_hepliaklqana_hippocampus,
          mainiacjoe_overflow_big_doors, uniq_erica
D:9:      lemuel_flame_loot_2, layout_long_grid

Skill      XL: |  1  2  3  4  5  6  7 |
---------------+----------------------+-----
Shields        | 4 5 |  5.7
Stealth        | 1 2 |  2.8
Fighting       | 4 5 |  5.1
Axes           | 3 4 |  4.1
Armour         | 4 |  4.2

Action                   |  1- 3 |  4- 6 |  7- 9 || total
-------------------------+-------+-------+-------++-------
Melee: War axe           |    83 |   186 |    14 ||   283
 Abil: Shaft Self        |       |     1 |     2 ||     3
Armor: Scale mail        |    81 |   118 |     7 ||   206
Dodge: Dodged            |    61 |   132 |     8 ||   201
Block: Buckler           |    25 |    52 |     3 ||    80
